 Dungeon Crawl Stone Soup version 0.22-a0-618-gd6a3efe (webtiles) character file.

31 Hebeh the Firebug (level 3, 0/19 HPs)
             Began as a Deep Elf Fire Elementalist on July 13, 2018.
             Slain by Terence
             ... wielding a +0 mace
              (6 damage)
             ... on level 2 of the Dungeon.
             The game lasted 00:05:10 (1539 turns).

Hebeh the Firebug (Deep Elf Fire Elementalist)      Turns: 1539, Time: 00:05:11

Health: 0/19       AC:  2    Str:  5    XL:     3   Next: 7%
Magic:  1/10       EV: 13    Int: 20    God:
Gold:   51         SH:  0    Dex: 15    Spells: 8/9 levels left

rFire    . . .     SeeInvis .   a - +0 short sword
rCold    . . .     Gourm    .   (no shield)
rNeg     . . .     Faith    .   f - +0 robe
rPois    .         Spirit   .   (no helmet)
rElec    .         Reflect  .   (no cloak)
rCorr    .         Harm     .   (no gloves)
MR       .....                  (no boots)
Stlth    ++........             (no amulet)
HPRegen  0.06/turn              (no ring)
MPRegen  0.12/turn              (no ring)

@: no status effects
A: no striking features
a: no special abilities


You were on level 2 of the Dungeon.
You were not hungry.

You visited 1 branch of the dungeon, and saw 2 of its levels.

You collected 51 gold pieces.

Inventory:

Hand Weapons
 a - a +0 short sword (weapon)
 b - a +0 hunting sling
 o - a +0 vampiric whip
Missiles
 h - 50 stones (quivered)
 j - 7 sling bullets
Armour
 f - a +0 robe (worn)
Jewellery
 m - a +5 ring of intelligence {unknown}
Scrolls
 d - 4 scrolls of identify {unknown}
 e - 3 scrolls of amnesia {unknown}
 g - a scroll of teleportation {unknown}
 i - a scroll of noise {unknown}
Potions
 l - a potion of curing {unknown}
 n - a potion of ambrosia {unknown}
Comestibles
 c - 5 rations
 k - a chunk of flesh


   Skills:
 - Level 2.4 Dodging
 - Level 2.4 Stealth
 + Level 3.5 Spellcasting
 * Level 2.5 Conjurations
 + Level 3.6 Fire Magic


You had 8 spell levels left.
You knew the following spells:

 Your Spells              Type           Power        Failure   Level  Hunger
a - Flame Tongue          Conj/Fire      ###..        3%          1    None

Your spell library contained the following spells:

 Spells                   Type           Power        Failure   Level  Hunger
 Fireball                 Conj/Fire      ###.......   71%         5    ######.
 Conjure Flame            Conj/Fire      ###.....     12%         3    ###....
 Throw Flame              Conj/Fire      ###...       6%          2    ##.....
 Sticky Flame             Conj/Fire      ###.....     36%         4    ####...
 Inner Flame              Hex/Fire       ##......     19%         3    ###....


Dungeon Overview and Level Annotations

Branches:
Dungeon (1/15)

Altars:

Annotations:
D:2 Terence


Message History

The flame tongue hits Terence.
Terence is severely wounded.
Terence barely misses you.
Casting: Flame Tongue (safe; 3% risk of failure)
Confirm with . or Enter, or press ? or * to list all spells.
Aiming: Flame Tongue (safe; 3% risk of failure)
Press: ? - help, Shift-Dir - straight line, f/p - Terence
Aim: Terence, wielding a mace and wearing a chain mail (severely wounded)
The flame tongue hits Terence.
Terence appears unharmed.
Terence is severely wounded.
Terence hits you but does no damage.
a - a +0 short sword (weapon)
You hit Terence but do no damage.
Terence is severely wounded.
Terence hits you with a mace!
You closely miss Terence.
Terence is severely wounded.
Terence drinks a potion.
Terence is healed!
You closely miss Terence. Terence hits you with a mace.
You die...

## ... ### .. (.% ..#
. #(# #.# #. #.# #
#.###.### #.##(###$#
#....÷... .......
#####.### ##...##
#....... ##..@..##
#.##.### ##...@...##
##.##.#
#.........####...#.##
+.........+...÷...#.#
#....^....####...#.###
##.......## ##.......
##.....## ####.###
##...## #.# ##'## ###
#.# #.# ##.####.#


You could see Terence.

Vanquished Creatures
  An ooze (D:1)
  2 dart slugs (D:1)
  2 giant cockroaches (D:1)
  4 goblins (D:1)
  6 hobgoblins (D:1)
  2 bats (D:1)
  2 frilled lizards
  2 kobolds
  2 rats
23 creatures vanquished.

Notes
Turn   | Place    | Note
-------+----------+-------------------------------------------
     0 | D:1      | Hebeh the Deep Elf Fire Elementalist began the quest for the Orb.
     0 | D:1      | Reached XP level 1. HP: 10/10 MP: 6/6
   447 | D:1      | Reached XP level 2. HP: 15/15 MP: 5/8
  1214 | D:1      | Reached XP level 3. HP: 19/19 MP: 10/10
  1452 | D:1      | You fall through a shaft!
  1518 | D:2      | Noticed Terence
  1539 | D:2      | Slain by Terence

Vault maps used:
D:1:      sevenhm_arrival_forest_fort_small_3, kennysheep_pointless_box,
          minmay_pentomino_t4
D:2:      overflow_temple_1_default, first_ration,
          nicolae_ru_the_path_less_chosen, uniq_terence

Skill      XL: |  1  2 |
---------------+-------+-----
Conjurations   | 2 |  2.5
Dodging        | |  2.4
Stealth        | |  2.4
Spellcasting   | |  3.5
Fire Magic     | |  3.6

Action                   || total
-------------------------++-------
Melee: Short sword       ||     3
 Fire: Hunting sling     ||    21
 Cast: Flame Tongue      ||    41
  Eat: Chunk             ||     2
Armor: Robe              ||     7
Dodge: Dodged            ||    16

Table legend:
 A = Spawn XP
 B = Non-spawn XP
 C = Spawn XP percentage of total XP
 D = Spawn monster count
 E = Non-spawn monster count
 F = Spawn count percentage of total count
 G = Total turns spent on level
                    A         B        C        D         E        F      G
               +---------+---------+-------+---------+---------+-------+---------
         Total |       0 |      45 |   0.0 |       0 |      23 |   0.0 |  1539
               +---------+---------+-------+---------+---------+-------+---------
           D:1 |       0 |      42 |   0.0 |       0 |      20 |   0.0 |  1452
           D:2 |       0 |       3 |   0.0 |       0 |       3 |   0.0 |    87
               +---------+---------+-------+---------+---------+-------+---------
